 Dungeon Crawl Stone Soup version 0.30-a0-718-geaa24f58ff (webtiles) character file.

Game seed: 13048703141586892845

86 Crownlay the Digger (level 4, -1/27 HPs)
             Began as an Octopode Earth Elementalist on Jan 25, 2023.
             Slain by a ball python (2 damage)
             ... on level 2 of the Dungeon.
             The game lasted 00:01:41 (1384 turns).

Crownlay the Digger (Octopode Earth Elementalist)   Turns: 1384, Time: 00:01:42

Health: -1/27      AC:  1    Str:  7    XL:     4   Next: 50%
Magic:  6/7        EV: 10    Int: 19    God:
Gold:   112        SH:  0    Dex: 12    Spells: 6/7 levels left

rFire   . . .      SeeInvis .    f - +2 hand axe (freeze)
rCold   . . .      Faith    .    (no shield)
rNeg    . . .      Spirit   .    (helmet restricted)
rPois   .          Reflect  .    (no amulet)
rElec   .          Harm     .    d - ring of willpower
rCorr   .          Rampage  .    (no ring)
Will    +....                    (no ring)
Stlth   +++                      (no ring)
HPRegen 0.24/turn                (no ring)
MPRegen 0.10/turn                (no ring)
                                 (no ring)
                                 (no ring)

@: constricted
A: almost no armour, amphibious, 8 rings, camouflage 1, gelatinous body 1,
(nimble swimmer 1), tentacles
a: no special abilities


You were on level 2 of the Dungeon.
You visited 1 branch of the dungeon, and saw 2 of its levels.

You collected 112 gold pieces.

Inventory:

Hand Weapons
 f - a +2 hand axe of freezing (weapon)
Jewellery
 d - a ring of willpower (left tentacle)
Scrolls
 c - a scroll of butterflies {unknown}
 e - 2 scrolls of fog {unknown}
Potions
 a - a potion of magic
 b - a potion of heal wounds {unknown}


   Skills:
 - Level 2.0 Dodging
 + Level 3.9 Stealth
 + Level 1.7 Unarmed Combat
 - Level 2.0 Spellcasting
 - Level 1.0 Transmutations
 * Level 4.2 Earth Magic


You had 6 spell levels left.
You knew the following spells:

 Your Spells              Type           Power      Damage    Failure   Level
a - Sandblast             Erth           36%        2d10      3%          1

Your spell library contained the following spells:

 Spells                   Type           Power      Damage    Failure   Level
 Passwall                 Tmut/Erth      9%         N/A       9%          2
 Stone Arrow              Conj/Erth      18%        3d8       22%         3
 Petrify                  Tmut/Erth      11%        N/A       50%         4


Dungeon Overview and Level Annotations

Branches:
Dungeon (2/15)

Altars:

Annotations:
D:2 Natasha


Innate Abilities, Weirdness & Mutations

You cannot wear most types of armour.
You are amphibious.
You can wear up to eight rings at the same time.
Your skin changes colour to match your surroundings (Stealth+).
Your rubbery body absorbs attacks. (AC +1, EV +1)
((You are camouflaged when in or above water. (Stealth+)))
You have tentacles for arms and can constrict up to eight enemies at once.


Message History

Found a stone staircase leading up.
Found a helmet.
Found an escape hatch in the ceiling.
You now have 112 gold pieces (gained 11).
There is a stone staircase leading up here.
There is a stone staircase leading down here.
You see here 6 stones.
Natasha, Servant of Life and Death comes into view.
Natasha moves out of view.
A ball python comes into view.
The blast of sand hits the ball python.
The ball python is heavily wounded.
The ball python hisses angrily.
Natasha hisses angrily.
Natasha casts a spell at you. The magic dart hits you!
A gnoll comes into view. It is wielding a +0 spear.
The gnoll throws a throwing net.
The throwing net hits you.
You become entangled in the net!
You are held in a net!
You are held in a net!
You are held in a net!
You struggle against the net.
The ball python closely misses you. The ball python barely misses you.
You struggle against the net.
The ball python barely misses you. x2
A gnoll comes into view. It is wielding a +0 spear.
You struggle against the net.
The ball python bites you. The ball python grabs you.
The ball python constricts you.
You shred the net and break free!
The ball python bites you but does no damage.
The ball python constricts you.
Natasha stares at you and mumbles some strange words.
The magic dart hits you!
* * * LOW HITPOINT WARNING * * *
The ball python barely misses you. The ball python constricts you.
* * * LOW HITPOINT WARNING * * *
The ball python's grasp on you weakens, but your attempt to escape fails.
Natasha claws you.
* * * LOW HITPOINT WARNING * * *
The ball python bites you.
You die...

##### ### #######....###
##.. ##....#........
##... .g.............
#.... #....hS....# #....
#@....# #.[.. #.....#
#.... #.#.### #.... #...#
##... ##..# ##...
####.####..##########....
....................(....
....###.##...#######....
#..###.####.## ##....


You could see Natasha, a gnoll (wandering) and a ball python.

Vanquished Creatures
  Natasha (twice) (D:2)
  A worm (D:2)
  A dart slug (D:2)
  6 goblins (D:1)
  4 hobgoblins
  5 kobolds
  2 quokkas (D:1)
  3 ball pythons
  3 bats
  A frilled lizard (D:1)
  3 rats
31 creatures vanquished.

Notes
Turn   | Place    | Note
-------+----------+-------------------------------------------
     0 | D:1      | Crownlay the Octopode Earth Elementalist began the quest
                  | for the Orb.
     0 | D:1      | Reached XP level 1. HP: 11/11 MP: 3/3
   335 | D:1      | Reached XP level 2. HP: 17/17 MP: 0/5
   533 | D:1      | Found a faded altar of an unknown god.
   598 | D:1      | Reached skill level 1 in Unarmed Combat
  1004 | D:2      | Reached XP level 3. HP: 21/21 MP: 4/6
  1117 | D:2      | Identified the +1 sling of Zahergh {flame, Str+3}
  1140 | D:2      | Noticed Natasha
  1147 | D:2      | Killed Natasha
  1148 | D:2      | Reached skill level 4 in Earth Magic
  1148 | D:2      | Reached XP level 4. HP: 16/27 MP: 2/7
  1179 | D:2      | Noticed Natasha
  1186 | D:2      | Killed Natasha
  1372 | D:2      | Noticed Natasha
  1384 | D:2      | HP: 1/27 [Natasha (3)]
  1384 | D:2      | Slain by a ball python

Illustrated notes

Levels and vault maps discovered:
D:1:      sevenhm_arrival_forest_fort_small_6, layout_basic,
          basic_ecumenical_altar, kennysheep_small_spiral, chequers_big_river
D:2:      layout_rooms, uniq_natasha

Skill      XL: |  1  2  3 |
---------------+----------+-----
Stealth        | 3 |  3.9
Unarmed Combat | 1 |  1.7
Earth Magic    | 4 |  4.2
Dodging        | |  2.0
Spellcasting   | |  2.0
Transmutations | |  1.0

Action                     |  1- 3 |  4- 6 || total
---------------------------+-------+-------++-------
  Melee: Hand axe          |       |     1 ||     1
   Cast: Sandblast         |    33 |     7 ||    40
 Armour: Skin              |       |     1 ||     1
  Dodge: Dodged            |     1 |     7 ||     8

Table legend: (Time is in decaauts)
 A = Elapsed time spent in this place.
 B = Non-inter-level travel time spent in this place.
 C = Inter-level travel time spent in this place.
 D = Time resting spent in this place.
 E = Time spent auto-exploring this place.
 F = Levels seen in this place.
 G = Mean time per level.
                   A        B        C        D        E       F      G
               +--------+--------+--------+--------+--------+-----+--------+
         Total |   1402 |   1353 |     49 |      0 |   1164 |   2 |  701.0 |
       Dungeon |   1402 |   1353 |     49 |      0 |   1164 |   2 |  701.0 |
               +--------+--------+--------+--------+--------+-----+--------+

Top non-repeatable levels by time:
     D:1: 1012 daAuts
     D:2: 390 daAuts
